 Dungeon Crawl Stone Soup version 0.29.1-2-gbd0b4ee654 (webtiles) character file.

Game seed: 8155551779687379717

77 hawla the Firebug (level 4, -1/33 HPs)
             Began as a Meteoran Fire Elementalist on Nov 2, 2022.
             Slain by a water moccasin skeleton (5 damage)
             ... on level 4 of the Dungeon.
             The game lasted 00:05:54 (1996 turns).

hawla the Firebug (Meteoran Fire Elementalist)      Turns: 1996, Time: 00:05:54

Health: -1/33      AC:  7    Str:  9    XL:     4   Next: 89%
Magic:  1/10       EV: 12    Int: 19    God:
Gold:   197        SH:  0    Dex: 14    Spells: 7/10 levels left

rFire   . . .      SeeInvis .   m - staff of poison
rCold   . . .      Faith    .   (no shield)
rNeg    + . .      Spirit   .   a - +1 robe
rPois   +          Reflect  .   (no helmet)
rElec   .          Harm     .   f - +1 cloak
rCorr   .          Rampage  .   c - +1 pair of gloves
Will    .....                   (no boots)
Stlth   +.........              (no amulet)
HPRegen 0.11/turn               k - ring of positive energy
MPRegen 0.12/turn               (no ring)

@: about to teleport, glowing, studying Necromancy
A: sense surroundings 1, otherworldly, glowing, explore regen
a: no special abilities


You were on level 4 of the Dungeon.
You visited 1 branch of the dungeon, and saw 4 of its levels.

You collected 197 gold pieces.

Inventory:

Armour
 a - a +1 robe (worn)
 c - a +1 pair of gloves (worn)
 f - a +1 cloak (worn)
Magical Staves
 m - a staff of poison (weapon)
Jewellery
 k - a ring of positive energy (left hand)
Scrolls
 d - 2 scrolls of teleportation
 h - a scroll of fear
 n - a scroll of enchant weapon {unknown}
 o - a scroll of immolation {unknown}
Potions
 b - 2 potions of magic
 e - 2 potions of lignification {unknown}
 g - a potion of heal wounds
 i - a potion of resistance {unknown}
 j - 2 potions of attraction {unknown}
 l - a potion of curing {unknown}
 p - a potion of degeneration {unknown}


   Skills:
 - Level 2.5 Dodging
 - Level 1.4 Stealth
 - Level 3.6 Spellcasting
 - Level 1.7 Conjurations
 - Level 4.4 Fire Magic
 + Level 1.6 Poison Magic
 + Level 1.7 Evocations


You had 7 spell levels left.
You knew the following spells:

 Your Spells              Type           Power      Damage    Failure   Level
a - Foxfire               Conj/Fire      60%        2x1d7     4%          1
b - Scorch                Fire           40%        2d7       3%          2

Your spell library contained the following spells:

 Spells                   Type           Power      Damage    Failure   Level
 Conjure Flame            Conj/Fire      15%        6-21      12%         3
 Inner Flame              Hex/Fire       11%        N/A       17%         3
 Flame Wave               Conj/Fire      15%        2d7       38%         4
 Portal Projectile        Hex/Tloc       6%         N/A       41%         3
 Tukima's Dance           Hex            3%         N/A       41%         3
 Blade Hands              Tmut           1%         N/A       99%         5


Dungeon Overview and Level Annotations

Branches:
Dungeon (4/15) Zot: 401
 Temple: D:4-7

Altars:
Ashenzari
Dithmenos
Makhleb

Annotations:
D:4 1 runed translucent door, Crazy Yiuf


Innate Abilities, Weirdness & Mutations

You passively map a small area around you.
You are easily found by Zot.
You glow in the dark.
You regain HP and MP as you explore.


Message History

You conjure some foxfire!
The hound zombie misses you. The howler monkey zombie hits you.
You hit the hobgoblin but do no damage. Your punch misses the hobgoblin.
The water moccasin skeleton is no longer more vulnerable to fire.
The foxfire hits the howler monkey zombie!
You destroy the howler monkey zombie!
The foxfire hits the hobgoblin.
The hobgoblin is heavily wounded.
The hound zombie bites you but does no damage.
The hobgoblin hits you but does no damage.
The hound zombie bites you.
You closely miss the hobgoblin.
The hobgoblin is heavily wounded.
The water moccasin skeleton closely misses you.
The hobgoblin barely misses you.
The hound zombie bites you but does no damage.
The water moccasin skeleton bites you.
You hit the hobgoblin but do no damage.
The hobgoblin is heavily wounded.
The hound zombie bites you but does no damage.
The hobgoblin hits you but does no damage.
The water moccasin skeleton closely misses you.
The hound zombie bites you but does no damage.
The hobgoblin hits you but does no damage.
You closely miss the hobgoblin.
The hobgoblin is heavily wounded.
The water moccasin skeleton bites you. The hound zombie bites you.
The hobgoblin hits you but does no damage.
The water moccasin skeleton bites you but does no damage.
The hound zombie bites you.
You barely miss the hobgoblin.
The hobgoblin is heavily wounded.
The water moccasin skeleton bites you.
* * * LOW HITPOINT WARNING * * *
The hobgoblin hits you.
* * * LOW HITPOINT WARNING * * *
The hound zombie closely misses you.
As you read the scroll of teleportation, it crumbles to dust.
You feel strangely unstable. The water moccasin skeleton bites you.
You die...

#.# #.##.. , #.#
#.######..##.. ,
#.# #.. ...~.P...
#.# ###* #.~~.....
* #.# ##.~~~~...
#.# #..~~~~... *
#.# #..~~~~... ##.#
#ZgZ...... , #..#
#.@# #.## ##.# * ,
#.# #.# * #.# #.#
#.# ### #.# * ,
#.#####.###.# *
#......#.##.#######
######.............
#.############


You could see a hound zombie, a hobgoblin and a water moccasin skeleton.

Vanquished Creatures
  A howler monkey zombie (D:4)
  An adder (D:4)
  An adder zombie (D:4)
  A dart slug (D:4)
  An orc (D:4)
  6 ball pythons
  4 endoplasms
  A giant cockroach (D:1)
  6 goblins
  A hobgoblin (D:1)
  3 jackals (D:2)
  A quokka (D:2)
  9 bats
  3 frilled lizards
  5 kobolds
  6 rats
50 creatures vanquished.

Vanquished Creatures (others)
  71 foxfires
  A withered plant (D:4)
72 creatures vanquished.

Grand Total: 122 creatures vanquished

Notes
Turn   | Place    | Note
-------+----------+-------------------------------------------
     0 | D:1      | hawla the Meteoran Fire Elementalist began the quest for
                  | the Orb.
     0 | D:1      | Reached XP level 1. HP: 14/14 MP: 5/5
   133 | D:1      | Reached XP level 2. HP: 16/20 MP: 3/6
   136 | D:1      | Learned a level 2 spell: Scorch
   169 | D:1      | Found a faded altar of an unknown god.
   248 | D:1      | Reached skill level 4 in Fire Magic
   500 | D:1      | Glimpsed the power of Zot.
   508 | D:2      | Reached XP level 3. HP: 26/26 MP: 3/8
  1100 | D:2      | Glimpsed the power of Zot.
  1427 | D:3      | Reached XP level 4. HP: 33/33 MP: 7/10
  1505 | D:3      | Found a burning altar of Makhleb.
  1571 | D:3      | Found a broken altar of Ashenzari.
  1699 | D:3      | Glimpsed the power of Zot.
  1762 | D:4      | Found a shadowy altar of Dithmenos.
  1873 | D:4      | Reached skill level 1 in Poison Magic
  1873 | D:4      | Reached skill level 1 in Evocations
  1905 | D:4      | Found a runed translucent door.
  1906 | D:4      | Noticed Crazy Yiuf
  1996 | D:4      | Slain by a water moccasin skeleton

Illustrated notes

Levels and vault maps discovered:
D:1:      dpeg_arrival_oval, layout_basic, hellmonk_ecumenical_altar_crossroads
D:2:      layout_loops_ring, serial_park_tiny_1, item_on_display_a
D:3:      layout_loops_ring, ashenzari_altar_1, bloody_makhleb
D:4:      layout_loops_ring, mainiacjoe_overflow_chevrons, serial_undead,
          serial_undead_f, serial_undead_b, serial_undead_e, serial_undead_c,
          serial_undead_d, serial_undead_c, guppyfry_shop_venom,
          uniq_crazy_yiuf_cottage

Skill      XL: |  1  2  3  4 |
---------------+-------------+-----
Spellcasting   | 3 |  3.6
Fire Magic     | 4 |  4.4
Poison Magic   | 1 |  1.6
Evocations     | 1 |  1.7
Dodging        | |  2.5
Stealth        | |  1.4
Conjurations   | |  1.7

Action                   |  1- 3 |  4- 6 || total
-------------------------+-------+-------++-------
Melee: Unarmed           |     6 |       ||     6
       Punch             |     1 |       ||     1
       Staff             |     7 |     9 ||    16
 Cast: Foxfire           |    38 |     8 ||    46
       Scorch            |    16 |    12 ||    28
  Use: Scroll            |     6 |     6 ||    12
Armor: Robe              |    14 |    19 ||    33
Dodge: Dodged            |    14 |    22 ||    36
